 Dungeon Crawl Stone Soup version 0.22-a0-99-g1ac4c55 (webtiles) character file.

13424 dududu the Cleaver (level 11, -7/106 HPs)
             Began as a Deep Dwarf Fighter on Jan 25, 2018.
             Was a Priest of Makhleb.
             Mangled by a reaper
             ... wielding a +2 scythe of freezing
              (37 damage)
             ... in an ice cave.
             The game lasted 00:49:46 (4724 turns).

dududu the Cleaver (Deep Dwarf Fighter)             Turns: 4724, Time: 00:49:47

Health: -7/106     AC: 16    Str: 31    XL:     11   Next: 75%
Magic:  5/5        EV:  6    Int:  8    God:    Makhleb [***...]
Gold:   479        SH: 13    Dex: 13    Spells: 10/10 levels left

rFire    + . .     SeeInvis .   a - +1 war axe
rCold    . . .     Gourm    .   c - +1 shield
rNeg     . . .     Faith    .   E - +0 plate armour (curse)
rPois    .         Spirit   .   (no helmet)
rElec    .         Reflect  .   (no cloak)
rCorr    .         Harm     .   (no gloves)
MR       +....                  B - +2 pair of boots
Stlth    ..........             (no amulet)
HPRegen  0.00/turn              n - ring of protection from fire
MPRegen  0.09/turn              C - +3 ring of strength

@: mighty, non-regenerating
A: damage resistance, heal wounds, sense surroundings 2, no regeneration
a: Heal Wounds, Minor Destruction, Lesser Servant of Makhleb, Renounce Religion


You were in an ice cave.
You worshipped Makhleb.
Makhleb was most pleased with you.
You were not hungry.

You visited 2 branches of the dungeon, and saw 12 of its levels.
You also visited: Sewer and Ice Cave.

You collected 479 gold pieces.

Inventory:

Hand Weapons
 a - a +1 war axe (weapon)
 j - a +4 triple sword of freezing
 z - a +1 whip of electrocution
 G - a +0 blowgun
Missiles
 e - 96 stones (quivered)
 t - 65 poisoned needles
Armour
 c - a +1 shield (worn)
 B - a +2 pair of boots (worn)
 E - a cursed +0 plate armour (worn)
Jewellery
 n - a ring of protection from fire (left hand)
 C - a +3 ring of strength (right hand)
Wands
 o - a wand of polymorph (6)
 s - a wand of paralysis (3)
 v - a wand of enslavement (9)
 F - a wand of iceblast (4)
Scrolls
 b - a scroll of noise {unknown}
 g - a scroll of enchant weapon
 i - 5 scrolls of fog
 k - 2 scrolls of amnesia
 m - a scroll of random uselessness {unknown}
 p - 3 scrolls of magic mapping
 u - 2 scrolls of remove curse
 w - a scroll of fear
 x - 4 scrolls of teleportation
 y - a scroll of enchant armour
 A - a scroll of identify
 J - a scroll of acquirement {unknown}
 M - a scroll of blinking {unknown}
Potions
 d - a potion of might
 h - 4 potions of haste
 l - 6 potions of curing
 q - 3 potions of berserk rage
 r - 2 potions of magic
 D - 4 potions of flight
 H - a potion of degeneration {unknown}
 I - 3 potions of agility
 K - a potion of ambrosia
 L - a potion of cancellation
Comestibles
 f - 13 rations


   Skills:
 + Level 9.5 Fighting
 * Level 14.5 Axes
 + Level 7.2 Armour
 + Level 7.1 Shields
 - Level 4.0 Invocations


You had 10 spell levels left.
You didn't know any spells.

Dungeon Overview and Level Annotations

Branches:
Dungeon (11/15)            Temple (1/1) D:6            Lair (0/6) D:8
    Orc (0/2) D:10

Altars:
Ashenzari
Cheibriados
Dithmenos
Elyvilon
Fedhas
Gozag
Kikubaaqudgha
Makhleb
Nemelex Xobeh
Ru
Sif Muna
Uskayaw
Wu Jian
Xom
Yredelemnul
Zin
The Shining One


Innate Abilities, Weirdness & Mutations

You are resistant to damage.
You can heal yourself by infusing magical energy.
You passively map the area around you.
You do not regenerate.


Message History

The reaper is moderately wounded.
You block the reaper's attack.
You closely miss the reaper.
The reaper is moderately wounded.
You barely miss the reaper.
The reaper is moderately wounded.
You block the reaper's attack.
You slash the reaper!
The reaper is heavily wounded.
You closely miss the reaper.
The reaper is heavily wounded.
The reaper hits you with a scythe of freezing!!!
The reaper freezes you.
* * * LOW HITPOINT WARNING * * *
You slash the reaper!
The reaper is severely wounded.
Your shield and plate armour prevent you from hitting the reaper.
The reaper is severely wounded.
The reaper hits you with a scythe of freezing!!!
You die...

* ≈ ##.....#≈ #§§
### * #......## ##.
#..,*###.... ..# #.
.) ##.#...##..##≈#.
.. #..##..#....# ##
*#.###..#.##.#..# #
##.#.#..#.#..##.## #
#$.#..........#..#≈#
#=.@2............# #
#:.#..####...#§§.# #
##.#.........#..§# #
#.##...§....#§≈.###
.. #...#§§###§§.≈##
.) ##..#.##§§§§§§##
#.., #..#.#§§§§§#§§#
###* ##§§...§§###§§
≈§.≈§§§# #§§


You could see a reaper.

Vanquished Creatures
  A hydra (D:9)
  2 two-headed ogres (D:11)
  3 death yaks (D:8)
  Pikel (D:7)
  2 ice statues (IceCv)
  7 ice devils (IceCv)
  A troll (D:9)
  Prince Ribbit (D:9)
  A hippogriff (D:7)
  A basilisk (D:11)
  2 hungry ghosts
  Grum (D:8)
  A soldier ant (D:9)
  2 water moccasins
  12 bullfrogs
  A porcupine (D:8)
  6 orc warriors
  An ice beast (D:9)
  2 sky beasts (D:7)
  A phantom (D:9)
  2 black bears (D:6)
  4 ogres
  2 wolves (D:8)
  5 centaurs
  A big kobold (D:9)
  4 scorpions
  5 wights (D:8)
  A howler monkey (D:7)
  4 crimson imps
  A centaur zombie (D:6)
  A bullfrog zombie (D:9)
  A quasit (D:7)
  3 hounds
  6 orc priests
  5 jellies
  2 hell rats (D:8)
  3 iguanas
  8 orc wizards
  10 worker ants
  A killer bee zombie (D:10)
  A hound zombie (D:7)
  3 worker ant zombies
  A gnoll (D:6)
  9 river rats
  12 adders
  5 shadow imps
  4 white imps (IceCv)
  11 ufetubi (IceCv)
  2 oozes (Sewer)
  An adder zombie (D:9)
  2 worms
  3 dart slugs
  3 leopard geckos
  29 orcs
  8 ball pythons
  3 giant cockroaches
  A goblin (D:2)
  3 hobgoblins
  2 jackals (D:4)
  4 quokkas
  6 bats
  6 frilled lizards
  A jackal skeleton (D:8)
  7 kobolds
  A leopard gecko skeleton (D:5)
  A leopard gecko zombie (D:8)
  A quokka skeleton (D:4)
  A quokka zombie (D:5)
  17 rats
266 creatures vanquished.

Vanquished Creatures (collateral kills)
  2 ice devils (IceCv)
  A sky beast (D:9)
  A wolf (D:8)
  A bullfrog (Sewer)
  A gnoll (D:6)
  An adder (Sewer)
  2 river rats (Sewer)
  A white imp (IceCv)
  An orc (D:9)
  A quokka (D:8)
  4 ball pythons (Sewer)
  2 frilled lizards (Sewer)
  9 rats
27 creatures vanquished.

Vanquished Creatures (others)
  A crimson imp (D:7)
  A hound (D:9)
  A hell rat (D:8)
  A gnoll (D:6)
  A white imp (IceCv)
  4 ufetubi (IceCv)
9 creatures vanquished.

Grand Total: 302 creatures vanquished

Notes
Turn   | Place    | Note
-------+----------+-------------------------------------------
     0 | D:1      | dududu the Deep Dwarf Fighter began the quest for the Orb.
     0 | D:1      | Reached XP level 1. HP: 20/20 MP: 1/1
   125 | D:1      | Reached XP level 2. HP: 21/27 MP: 2/2
   136 | D:2      | Reached skill level 3 in Axes
   299 | D:2      | Reached XP level 3. HP: 10/34 MP: 3/3
   304 | D:2      | Found a sparkling altar of Nemelex Xobeh.
   583 | D:3      | Reached skill level 4 in Axes
   591 | D:3      | Reached XP level 4. HP: 29/42 MP: 4/4
   820 | D:4      | Found a glowing drain.
   829 | Sewer    | Entered a sewer
   879 | Sewer    | Reached XP level 5. HP: 43/50 MP: 5/5
   912 | Sewer    | Reached skill level 5 in Axes
  1049 | Sewer    | Reached XP level 6. HP: 42/57 MP: 6/6
  1101 | Sewer    | Reached skill level 6 in Axes
  1110 | Sewer    | Killed a bullfrog
  1516 | D:4      | Reached XP level 7. HP: 47/66 MP: 7/7
  1518 | D:4      | Reached skill level 7 in Axes
  1584 | D:5      | Entered Level 5 of the Dungeon
  1639 | D:5      | Reached skill level 5 in Fighting
  1794 | D:6      | Reached skill level 8 in Axes
  1834 | D:6      | Found a staircase to the Ecumenical Temple.
  1857 | D:6      | Reached XP level 8. HP: 47/75 MP: 8/8
  1877 | Temple   | Entered the Ecumenical Temple
  1904 | Temple   | Became a worshipper of Makhleb the Destroyer
  1955 | D:6      | Reached skill level 9 in Axes
  2072 | D:6      | Reached skill level 10 in Axes
  2266 | D:7      | Reached * piety under Makhleb
  2323 | D:7      | Gained mutation: You passively map the area around you. [Deep Dwarf growth]
  2323 | D:7      | Reached XP level 9. HP: 48/85 MP: 6/6
  2388 | D:7      | Reached skill level 11 in Axes
  2523 | D:7      | Noticed Pikel
  2541 | D:7      | Killed Pikel
  2610 | D:7      | Reached skill level 12 in Axes
  2701 | D:7      | Reached ** piety under Makhleb
  2925 | D:8      | Reached XP level 10. HP: 69/96 MP: 7/7
  3058 | D:8      | Found a white marble altar of Elyvilon.
  3100 | D:8      | Noticed a death yak
  3112 | D:8      | Noticed Grum
  3112 | D:8      | Noticed a death yak
  3132 | D:8      | Killed a death yak
  3165 | D:8      | Killed a death yak
  3165 | D:8      | Reached skill level 13 in Axes
  3172 | D:8      | Reached skill level 5 in Armour
  3172 | D:8      | Reached skill level 5 in Shields
  3180 | D:8      | Noticed a death yak
  3182 | D:8      | Killed Grum
  3191 | D:8      | Killed a death yak
  3205 | D:8      | Found a staircase to the Lair.
  3371 | D:8      | Reached skill level 1 in Invocations
  3439 | D:9      | Reached *** piety under Makhleb
  3466 | D:9      | Found a blossoming altar of Fedhas.
  3565 | D:9      | Noticed an eight-headed hydra
  3574 | D:9      | Killed an eight-headed hydra
  3574 | D:9      | Reached XP level 11. HP: 47/104 MP: 7/9
  3623 | D:9      | Noticed Prince Ribbit
  3638 | D:9      | Killed Prince Ribbit
  3717 | D:9      | Found a sparkling altar of Nemelex Xobeh.
  3847 | D:10     | Entered Level 10 of the Dungeon
  4096 | D:10     | Found a staircase to the Orcish Mines.
  4303 | D:11     | Noticed a two-headed ogre
  4315 | D:11     | Killed a two-headed ogre
  4315 | D:11     | Reached skill level 14 in Axes
  4317 | D:11     | Found a shattered altar of Ashenzari.
  4337 | D:11     | Found a snail-covered altar of Cheibriados.
  4342 | D:11     | Noticed a two-headed ogre
  4351 | D:11     | Killed a two-headed ogre
  4375 | D:11     | Found a frozen archway.
  4384 | IceCv    | Entered an ice cave
  4401 | IceCv    | Reached **** piety under Makhleb
  4523 | IceCv    | HP: 3/106 [ice devil (14)]
  4693 | IceCv    | Noticed a reaper
  4724 | IceCv    | Mangled by a reaper

Vault maps used:
D:1:      scummos_arrival_hexagon
D:2:      nemelex_spade_bored_becter
D:4:      portal_sewer_entry_d, first_ration, serial_bayou, serial_bayou_ford_a,
          serial_bayou_pond_e, serial_bayou_pond_c, serial_bayou_lake_a,
          kennysheep_big_empty_room, minmay_misc_feat_tower
D:6:      minmay_temple_entry_overgrown
D:7:      kennysheep_windowed_halls, uniq_pikel
D:8:      dpeg_lair_monsters, elyvilon_altar_5, uniq_grum
D:9:      fedhas_bush_and_centaur_altar, minmay_ruined_shrine,
          uniq_prince_ribbit1
D:10:     orc_0_dummy
D:11:     kennysheep_seaside_town, basic_altar, portal_ice_cave_entry_pillars_2,
          evilmike_ruin_ashenzari
Temple:   nicolae_temple_the_god_donut
Sewer:    sewer_minmay_w
IceCv:    ice_cave_small_demon

Skill      XL: |  1  2  3  4  5  6  7  8  9 10 11 |
---------------+----------------------------------+-----
Fighting       | 3 4 5 6 8 9 |  9.5
Axes           | 3 4 5 6 8 10 12 13 14 | 14.5
Armour         | 5 7 |  7.2
Shields        | 5 7 |  7.1
Invocations    | 2 4 |  4.0

Action                   |  1- 3 |  4- 6 |  7- 9 | 10-12 || total
-------------------------+-------+-------+-------+-------++-------
Melee: War axe           |   123 |   159 |   266 |   445 ||   993
       Whip              |       |       |    21 |       ||    21
Throw: Stone             |     4 |     7 |     1 |     5 ||    17
Invok: Minor Destruction |       |       |       |     2 ||     2
       Lesser Servant of |       |       |       |     7 ||     7
 Abil: Heal Wounds       |     1 |     3 |     7 |    28 ||    39
Evoke: Wand              |       |     5 |     8 |    13 ||    26
  Use: Scroll            |     1 |     6 |     4 |     8 ||    19
       Potion            |       |       |     1 |     7 ||     8
 Stab: Betrayed ally     |       |     1 |       |       ||     1
       Paralysed         |       |       |     8 |     3 ||    11
  Eat: Chunk             |       |     3 |     6 |     6 ||    15
       Ration            |       |       |       |     1 ||     1
Armor: Scale mail        |    57 |    53 |    59 |       ||   169
       Chain mail        |       |       |    31 |       ||    31
       Plate armour      |       |       |    23 |   180 ||   203
Dodge: Dodged            |    36 |    70 |    65 |    69 ||   240
Block: Shield            |    56 |   105 |   157 |   238 ||   556

Table legend:
 A = Spawn XP
 B = Non-spawn XP
 C = Spawn XP percentage of total XP
 D = Spawn monster count
 E = Non-spawn monster count
 F = Spawn count percentage of total count
 G = Total turns spent on level
                    A         B        C        D         E        F      G
               +---------+---------+-------+---------+---------+-------+---------
         Total |       0 |   19178 |   0.0 |       0 |     293 |   0.0 |  4724
               +---------+---------+-------+---------+---------+-------+---------
           D:1 |       0 |      13 |   0.0 |       0 |       9 |   0.0 |   138
           D:2 |       0 |      34 |   0.0 |       0 |      11 |   0.0 |   281
           D:3 |       0 |      57 |   0.0 |       0 |      18 |   0.0 |   334
           D:4 |       0 |     283 |   0.0 |       0 |      13 |   0.0 |   514
           D:5 |       0 |     346 |   0.0 |       0 |      11 |   0.0 |   203
           D:6 |       0 |    1411 |   0.0 |       0 |      33 |   0.0 |   397
           D:7 |       0 |    2868 |   0.0 |       0 |      33 |   0.0 |   639
           D:8 |       0 |    4373 |   0.0 |       0 |      39 |   0.0 |   547
           D:9 |       0 |    3037 |   0.0 |       0 |      33 |   0.0 |   426
          D:10 |       0 |     521 |   0.0 |       0 |      10 |   0.0 |   398
          D:11 |       0 |    2081 |   0.0 |       0 |       8 |   0.0 |   137
         Sewer |       0 |     393 |   0.0 |       0 |      48 |   0.0 |   317
         IceCv |       0 |    3761 |   0.0 |       0 |      27 |   0.0 |   340
               +---------+---------+-------+---------+---------+-------+---------
